Workbook

Sheet Funds requested by MSU PIs
A1: PROJECT TITLE
A2: Lead PI: | B2: Name | D2: MSU Department: | G2: NAME | N2: Project Period: | P2: 7/1/18-6/30/20
D3: Year 1 | K3: Year 2 | R3: Total
A4: A | B4: Consultants/Personnal
R5: =SUM(J5+Q5) -> 0
R6: =SUM(J6+Q6) -> 0
R7: =SUM(J7+Q7) -> 0
J8: 0 | Q8: 0 | R8: =SUM(J8+Q8) -> 0
J9: 0 | Q9: 0 | R9: =SUM(J9+Q9) -> 0
B12: Total Other Direct Costs | J12: =SUM(J5:J11) -> 0 | Q12: =SUM(Q5:Q11) -> 0 | R12: =J12+Q12 -> 0
A13: B | B13: Equipment
B21: Total Equipment | J21: =SUM(J14:J20) -> 0 | Q21: =SUM(Q14:Q20) -> 0 | R21: =J21+Q21 -> 0
A22: C | B22: Travel | G22: Domestic | N22: Domestic | R22: =SUM(J22+Q22) -> 0
G23: Foreign | N23: Foreign | Q23: 0 | R23: =SUM(J23+Q23) -> 0
B24: Total Travel | J24: =SUM(J22:J23) -> 0 | Q24: =SUM(Q22:Q23) -> 0 | R24: =J24+Q24 -> 0
A25: D | B25: Participant Support Costs
B26: Stipend | Q26: 0 | R26: =SUM(J26+Q26) -> 0
B27: Travel | J27: 0 | R27: =SUM(J27+Q27) -> 0
B28: Subsistence | J28: 0 | Q28: 0 | R28: =SUM(J28+Q28) -> 0
B29: Other | J29: 0 | Q29: 0 | R29: =SUM(J29+Q29) -> 0
B30: Total Particpant costs | J30: =SUM(J26:J29) -> 0 | Q30: =SUM(Q26:Q29) -> 0 | R30: =J30+Q30 -> 0
A31: E | B31: Other Direct Costs
B32: 1. Material & Supplies | R32: =SUM(J32+Q32) -> 0
B33: 2. Publication Costs/Docu | R33: =SUM(J33+Q33) -> 0
B34: 3. other | J34: 0 | Q34: 0 | R34: =SUM(J34+Q34) -> 0
B35: 4. other | J35: 0 | Q35: 0 | R35: =SUM(J35+Q35) -> 0
B38: Total Other Direct Costs | J38: =SUM(J32:J37) -> 0 | Q38: =SUM(Q32:Q37) -> 0 | R38: =J38+Q38 -> 0
A39: F | B39: Total | J39: =SUM(+J21+J24+J30+J38,J12) -> 0 | Q39: =SUM(Q21+Q24+Q30+Q38,Q12) -> 0 | R39: =J39+Q39 -> 0
D41: Direct costs w/o Consortium F&A | J41: =J39-25000 -> -25000 | Q41: =Q39-25000 -> -25000 | R41: =J41+Q41 -> -50000
J42: x = UofM IDC | R42: 250000 max
B43: Updated 6/20/11
B44: Reflects salary inflation of 2% | C44: ` | J44: 125000 | Q44: 150000
B45: Grad health inflation of 5% and Grad tuition inflation of 7%

Sheet Tanzanian Partner 1 
A1: PROJECT TITLE
A2: Lead PI: | B2: Name | D2: MSU Department: | G2: NAME | N2: Project Period: | P2: 7/1/18-6/30/20
D3: Year 1 | K3: Year 2 | R3: Total
A4: A | B4: Consultants/Personnal
R5: =SUM(J5+Q5) -> 0
R6: =SUM(J6+Q6) -> 0
R7: =SUM(J7+Q7) -> 0
J8: 0 | Q8: 0 | R8: =SUM(J8+Q8) -> 0
J9: 0 | Q9: 0 | R9: =SUM(J9+Q9) -> 0
B12: Total Other Direct Costs | J12: =SUM(J5:J11) -> 0 | Q12: =SUM(Q5:Q11) -> 0 | R12: =J12+Q12 -> 0
A13: B | B13: Equipment
B21: Total Equipment | J21: =SUM(J14:J20) -> 0 | Q21: =SUM(Q14:Q20) -> 0 | R21: =J21+Q21 -> 0
A22: C | B22: Travel | G22: Domestic | N22: Domestic | R22: =SUM(J22+Q22) -> 0
G23: Foreign | N23: Foreign | Q23: 5 | R23: =SUM(J23+Q23) -> 5
B24: Total Travel | J24: =SUM(J22:J23) -> 0 | Q24: =SUM(Q22:Q23) -> 5 | R24: =J24+Q24 -> 5
A25: D | B25: Participant Support Costs
B26: Stipend | J26: 0 | Q26: 0 | R26: =SUM(J26+Q26) -> 0
B27: Travel | J27: 0 | Q27: 0 | R27: =SUM(J27+Q27) -> 0
B28: Subsistence | R28: =SUM(J28+Q28) -> 0
B29: Other | J29: 0 | Q29: 0 | R29: =SUM(J29+Q29) -> 0
B30: Total Particpant costs | J30: =SUM(J26:J29) -> 0 | Q30: =SUM(Q26:Q29) -> 0 | R30: =J30+Q30 -> 0
A31: E | B31: Other Direct Costs
B32: 1. Material & Supplies | R32: =SUM(J32+Q32) -> 0
B33: 2. Publication Costs/Docu | R33: =SUM(J33+Q33) -> 0
B34: 3. other | J34: 0 | Q34: 0 | R34: =SUM(J34+Q34) -> 0
B35: 4. other | Q35: 0 | R35: =SUM(J35+Q35) -> 0
B38: Total Other Direct Costs | J38: =SUM(J32:J37) -> 0 | Q38: =SUM(Q32:Q37) -> 0 | R38: =J38+Q38 -> 0
A39: F | B39: Total | J39: =SUM(+J21+J24+J30+J38,J12) -> 0 | Q39: =SUM(Q21+Q24+Q30+Q38,Q12) -> 5 | R39: =J39+Q39 -> 5
D41: Direct costs w/o Consortium F&A | J41: =J39-25000 -> -25000 | Q41: =Q39-25000 -> -24995 | R41: =J41+Q41 -> -49995
J42: x = UofM IDC | R42: 250000 max
B43: Updated 6/20/11
B44: Reflects salary inflation of 2% | C44: ` | J44: 125000 | Q44: 150000
B45: Grad health inflation of 5% and Grad tuition inflation of 7%

Sheet Tanzanian Partner 2
A1: PROJECT TITLE
A2: Lead PI: | B2: Name | D2: MSU Department: | G2: NAME | N2: Project Period: | P2: 7/1/18-6/30/20
D3: Year 1 | K3: Year 2 | R3: Total
A4: A | B4: Consultants/Personnal
R5: =SUM(J5+Q5) -> 0
R6: =SUM(J6+Q6) -> 0
R7: =SUM(J7+Q7) -> 0
J8: 0 | Q8: 0 | R8: =SUM(J8+Q8) -> 0
J9: 0 | Q9: 0 | R9: =SUM(J9+Q9) -> 0
B12: Total Other Direct Costs | J12: =SUM(J5:J11) -> 0 | Q12: =SUM(Q5:Q11) -> 0 | R12: =J12+Q12 -> 0
A13: B | B13: Equipment
B21: Total Equipment | J21: =SUM(J14:J20) -> 0 | Q21: =SUM(Q14:Q20) -> 0 | R21: =J21+Q21 -> 0
A22: C | B22: Travel | G22: Domestic | N22: Domestic | R22: =SUM(J22+Q22) -> 0
G23: Foreign | J23: 0 | N23: Foreign | Q23: 0 | R23: =SUM(J23+Q23) -> 0
B24: Total Travel | J24: =SUM(J22:J23) -> 0 | Q24: =SUM(Q22:Q23) -> 0 | R24: =J24+Q24 -> 0
A25: D | B25: Participant Support Costs
B26: Stipend | J26: 0 | Q26: 0 | R26: =SUM(J26+Q26) -> 0
B27: Travel | J27: 0 | Q27: 0 | R27: =SUM(J27+Q27) -> 0
B28: Subsistence | J28: 0 | Q28: 0 | R28: =SUM(J28+Q28) -> 0
B29: Other | J29: 0 | Q29: 0 | R29: =SUM(J29+Q29) -> 0
B30: Total Particpant costs | J30: =SUM(J26:J29) -> 0 | Q30: =SUM(Q26:Q29) -> 0 | R30: =J30+Q30 -> 0
A31: E | B31: Other Direct Costs
B32: 1. Material & Supplies | R32: =SUM(J32+Q32) -> 0
B33: 2. Publication Costs/Docu | R33: =SUM(J33+Q33) -> 0
B34: 3. other | J34: 0 | Q34: 0 | R34: =SUM(J34+Q34) -> 0
B35: 4. other | J35: 0 | Q35: 0 | R35: =SUM(J35+Q35) -> 0
B38: Total Other Direct Costs | J38: =SUM(J32:J37) -> 0 | Q38: =SUM(Q32:Q37) -> 0 | R38: =J38+Q38 -> 0
A39: F | B39: Total | J39: =SUM(+J21+J24+J30+J38,J12) -> 0 | Q39: =SUM(Q21+Q24+Q30+Q38,Q12) -> 0 | R39: =J39+Q39 -> 0
D41: Direct costs w/o Consortium F&A | J41: =J39-25000 -> -25000 | Q41: =Q39-25000 -> -25000 | R41: =J41+Q41 -> -50000
J42: x = UofM IDC | R42: 250000 max
B43: Updated 6/20/11
B44: Reflects salary inflation of 2% | C44: ` | J44: 125000 | Q44: 150000
B45: Grad health inflation of 5% and Grad tuition inflation of 7%

Sheet Total Project
A1: PROJECT SUMMARY
A2: COMBINED BUDGETS
D3: Year 1 | K3: Year 2 | R3: Total
J4: Total YR 1 | Q4: Total YR 2
B14: Total Salaries | J14: =SUM('Funds requested by MSU PIs'!J12,'Tanzanian Partner 1 '!J12,'Tanzanian Partner 2'!J12) -> 0 | Q14: =SUM('Funds requested by MSU PIs'!Q12,'Tanzanian Partner 1 '!Q12,'Tanzanian Partner 2'!Q12) -> 0 | R14: =J14+Q14 -> 0
B15: Total Equipment | J15: =SUM('Funds requested by MSU PIs'!J21,'Tanzanian Partner 1 '!J21,'Tanzanian Partner 2'!J21) -> 0 | Q15: =SUM('Funds requested by MSU PIs'!Q21,'Tanzanian Partner 1 '!Q21,'Tanzanian Partner 2'!Q21) -> 0 | R15: =J15+Q15 -> 0
B16: Total Travel | J16: =SUM('Funds requested by MSU PIs'!J24,'Tanzanian Partner 1 '!J24,'Tanzanian Partner 2'!J24) -> 0 | Q16: =SUM('Funds requested by MSU PIs'!Q24,'Tanzanian Partner 1 '!Q24,'Tanzanian Partner 2'!Q24) -> 5 | R16: =J16+Q16 -> 5
B17: Total Particpant costs | J17: =SUM('Funds requested by MSU PIs'!J30,'Tanzanian Partner 1 '!J30,'Tanzanian Partner 2'!J30) -> 0 | Q17: =SUM('Funds requested by MSU PIs'!Q30,'Tanzanian Partner 1 '!Q30,'Tanzanian Partner 2'!Q30) -> 0 | R17: =J17+Q17 -> 0
B18: Total Other Direct Costs | J18: =SUM('Funds requested by MSU PIs'!J38,'Tanzanian Partner 1 '!J38,'Tanzanian Partner 2'!J38) -> 0 | Q18: =SUM('Funds requested by MSU PIs'!Q38,'Tanzanian Partner 1 '!Q38,'Tanzanian Partner 2'!Q38) -> 0 | R18: =J18+Q18 -> 0
B19: Total | J19: =SUM(J14+J15+J16+J17+J18) -> 0 | Q19: =SUM(Q14+Q15+Q16+Q17+Q18) -> 5 | R19: =J19+Q19 -> 5
D21: Direct costs w/o Consortium F&A | J21: =J19-25000 -> -25000 | Q21: =Q19-25000 -> -24995 | R21: =J21+Q21 -> -49995
J22: x = UofM IDC | R22: 250000 max
B23: Updated 6/20/11
B24: Reflects salary inflation of 2% | C24: ` | J24: 125000 | Q24: 150000
B25: Grad health inflation of 5% and Grad tuition inflation of 7%
